 Dungeon Crawl Stone Soup version 0.22-a0-81-g7478db5 (webtiles) character file.

125 lemonriz the Magician (level 4, 0/24 HPs)
             Began as a Deep Elf Fire Elementalist on Dec 25, 2017.
             Slain by an iguana (3 damage)
             ... on level 4 of the Dungeon on Jan 18, 2018.
             The game lasted 00:06:01 (2292 turns).

lemonriz the Magician (Deep Elf Fire Elementalist)  Turns: 2292, Time: 00:06:01

Health: 0/24       AC:  4    Str:  5    XL:     4   Next: 82%
Magic:  8/12       EV: 13    Int: 21    God:
Gold:   111        SH:  0    Dex: 15    Spells: 2/12 levels left

rFire    . . .     SeeInvis .   k - +3 spear
rCold    . . .     Gourm    .   (no shield)
rNeg     . . .     Faith    .   a - +0 robe
rPois    .         Spirit   .   (no helmet)
rElec    .         Reflect  .   (no cloak)
rCorr    .         Harm     .   (no gloves)
MR       .....                  u - +1 pair of boots
Stlth    ++........             (no amulet)
HPRegen  0.08/turn              (no ring)
MPRegen  0.13/turn              (no ring)

@: no status effects
A: no striking features
a: no special abilities


You were on level 4 of the Dungeon.
You were not hungry.

You visited 1 branch of the dungeon, and saw 4 of its levels.

You collected 111 gold pieces.

Inventory:

Hand Weapons
 k - a +3 spear (weapon)
Armour
 a - a +0 robe (worn)
 u - a +1 pair of boots (worn)
Scrolls
 f - a scroll of random uselessness {unknown}
 g - a scroll of amnesia
 h - 2 scrolls of teleportation
 i - a scroll of blinking {unknown}
 p - a scroll of enchant armour
 q - 3 scrolls of remove curse {unknown}
 t - 2 scrolls of identify {unknown}
Potions
 d - a potion of curing {unknown}
 e - a potion of berserk rage {unknown}
 j - 2 potions of mutation {unknown}
 l - 3 potions of flight {unknown}
 m - 2 potions of brilliance {unknown}
 n - 3 potions of ambrosia {unknown}
 o - a potion of resistance {unknown}
 r - 2 potions of haste {unknown}
Books
 b - a book of Flames

   Spells                             Type                      Level
   a - Flame Tongue                   Conjuration/Fire             1
   b - Throw Flame                    Conjuration/Fire             2
   c - Conjure Flame                  Conjuration/Fire             3
   d - Inner Flame                    Hexes/Fire                   3
   e - Sticky Flame                   Conjuration/Fire             4
   f - Fireball                       Conjuration/Fire             5
Comestibles
 c - 7 rations
 s - 2 chunks of flesh


   Skills:
 - Level 2.4 Dodging
 - Level 2.4 Stealth
 + Level 4.6 Spellcasting
 + Level 3.1 Conjurations
 + Level 4.4 Fire Magic


You had 2 spell levels left.
You knew the following spells:

 Your Spells              Type           Power        Failure   Level  Hunger
a - Flame Tongue          Conj/Fire      ###..        2%          1    None
b - Throw Flame           Conj/Fire      ###...       3%          2    #......
c - Conjure Flame         Conj/Fire      ###.....     7%          3    ##.....
d - Sticky Flame          Conj/Fire      ###.....     24%         4    ####...


Dungeon Overview and Level Annotations

Branches:
Dungeon (4/15)
 Temple: D:4-7

Altars:
Nemelex Xobeh


Message History

The iguana is moderately wounded.
The iguana bites you.
Casting: Flame Tongue
Confirm with . or Enter, or press ? or * to list all spells.
Aiming: Flame Tongue
Press: ? - help, Shift-Dir - straight line, f/p - iguana
Aim: an iguana (moderately wounded)
The flame tongue hits the iguana.
The iguana is almost dead.
The iguana bites you!
* * * LOW HITPOINT WARNING * * *
Casting: Flame Tongue
Confirm with . or Enter, or press ? or * to list all spells.
Aiming: Flame Tongue
Press: ? - help, Shift-Dir - straight line, f/p - iguana
Aim: an iguana (almost dead)
The flame tongue hits the iguana.
The iguana is almost dead.
The iguana bites you.
You die...

# .# #. #######
...##. ##.....##
....# ##....(..##
... #.........# #l##
#...<.....# #.@##
#.........#
##..###.........#
##.............#
.....>............##
.#########.........#
#. #.........# #./.
#.........# ##...#
#....(....# ...#
#.........#


You could see an iguana.

Vanquished Creatures
  An orc wizard (D:3)
  An adder (D:2)
  An ooze (D:2)
  5 dart slugs
  3 leopard geckos
  5 orcs
  A ball python (D:3)
  9 bats
  3 giant cockroaches
  8 goblins
  8 hobgoblins
  A jackal (D:3)
  7 kobolds
  2 quokkas (D:3)
  7 frilled lizards
  5 rats
67 creatures vanquished.

Notes
Turn   | Place    | Note
-------+----------+-------------------------------------------
     0 | D:1      | lemonriz the Deep Elf Fire Elementalist began the quest for the Orb.
     0 | D:1      | Reached XP level 1. HP: 10/10 MP: 6/6
   368 | D:1      | Upgraded the game from 0.21-a0-630-g344d351 to 0.22-a0-81-g7478db5
   400 | D:1      | Reached XP level 2. HP: 15/15 MP: 6/8
   467 | D:1      | Learned a level 2 spell: Throw Flame
   547 | D:1      | Reached XP level 3. HP: 11/19 MP: 0/10
   558 | D:1      | Learned a level 3 spell: Conjure Flame
  1103 | D:2      | Found a sparkling altar of Nemelex Xobeh.
  1232 | D:2      | Reached XP level 4. HP: 18/24 MP: 8/12
  1243 | D:2      | Learned a level 4 spell: Sticky Flame
  2292 | D:4      | Slain by an iguana

Vault maps used:
D:1:      minmay_arrival_stone_box, minmay_pentomino_w4
D:2:      nemelex_dance_club_becter
D:3:      solitary_fountain, dk_noncrumbling_4, minmay_misc_feat_tiny
D:4:      serial_bayou, serial_bayou_pond_b, serial_bayou_shore_b,
          serial_bayou_crossing, serial_bayou_ford_a, serial_bayou_shore_b

Skill      XL: |  1  2  3  4 |
---------------+-------------+-----
Conjurations   | 2 3 |  3.1
Spellcasting   | 4 |  4.6
Fire Magic     | 4 |  4.4
Dodging        | |  2.4
Stealth        | |  2.4

Action                   |  1- 3 |  4- 6 || total
-------------------------+-------+-------++-------
Melee: Unarmed           |     6 |       ||     6
       Dagger            |    11 |       ||    11
       Spear             |    15 |    26 ||    41
 Cast: Flame Tongue      |    60 |    37 ||    97
  Use: Scroll            |       |     3 ||     3
 Stab: Sleeping          |     2 |     2 ||     4
       Distracted        |       |     1 ||     1
  Eat: Chunk             |       |     4 ||     4
Armor: Robe              |    14 |     5 ||    19
Dodge: Dodged            |    44 |    23 ||    67

Table legend:
 A = Spawn XP
 B = Non-spawn XP
 C = Spawn XP percentage of total XP
 D = Spawn monster count
 E = Non-spawn monster count
 F = Spawn count percentage of total count
 G = Total turns spent on level
                    A         B        C        D         E        F      G
               +---------+---------+-------+---------+---------+-------+---------
         Total |       0 |     179 |   0.0 |       0 |      67 |   0.0 |  2292
               +---------+---------+-------+---------+---------+-------+---------
           D:1 |       0 |      61 |   0.0 |       0 |      32 |   0.0 |  1009
           D:2 |       0 |      40 |   0.0 |       0 |      13 |   0.0 |   597
           D:3 |       0 |      72 |   0.0 |       0 |      20 |   0.0 |   644
           D:4 |       0 |       6 |   0.0 |       0 |       2 |   0.0 |    42
               +---------+---------+-------+---------+---------+-------+---------
